 Dungeon Crawl Stone Soup version 0.30-a0-390-g80c34de65d (webtiles) character file.

Game seed: 7925555018366702395

408 GenialerGandalf the Chopper (level 6, -3/56 HPs)
             Began as a Hill Orc Fighter on Dec 4, 2022.
             Splashed by a jelly's acid (8 damage)
             ... on level 5 of the Dungeon.
             The game lasted 00:15:08 (4842 turns).

GenialerGandalf the Chopper (Hill Orc Fighter)      Turns: 4842, Time: 00:15:08

Health: -3/56      AC:  2    Str: 21    XL:     6   Next: 88%
Magic:  6/6        EV:  9    Int:  8    God:
Gold:   206        SH:  9    Dex: 10    Spells: 5/5 levels left

rFire   . . .      SeeInvis .    a - +0 war axe
rCold   . . .      Faith    .    c - +0 buckler
rNeg    . . .      Spirit   .    b - +0 scale mail
rPois   .          Reflect  +    u - +0 helmet
rElec   .          Harm     .    (no cloak)
rCorr   .          Rampage  .    v - +1 pair of gloves
Will    .....                    (no boots)
Stlth   ..........               e - amulet of reflection
HPRegen 0.29/turn                (no ring)
MPRegen 0.10/turn                (no ring)

@: corroded
A: no striking features
a: no special abilities


You were on level 5 of the Dungeon.
You visited 2 branches of the dungeon, and saw 6 of its levels.

You collected 206 gold pieces.

Inventory:

Hand Weapons
 a - a +0 war axe (weapon)
 p - the +4 trident of Deflation {vorpal, Dex+3}
   (You found it on level 2 of the Dungeon)

   It inflicts extra damage upon your enemies.
   Dex:       It affects your dexterity (+3).
Missiles
 n - a throwing net (quivered)
Armour
 b - a +0 scale mail (worn)
 c - a +0 buckler (worn)
 u - a +0 helmet (worn)
 v - a +1 pair of gloves (worn)
 A - a +0 pair of gloves
Jewellery
 e - an amulet of reflection (around neck)
Scrolls
 f - 2 scrolls of teleportation {unknown}
 g - a scroll of vulnerability {unknown}
 h - a scroll of silence {identify}
 k - 3 scrolls of identify {unknown}
 s - a scroll of poison {unknown}
 t - a scroll of torment {unknown}
 w - a scroll of noise {unknown}
 x - 2 scrolls of immolation {unknown}
 y - 2 scrolls of butterflies {unknown}
 z - a scroll of blinking {unknown}
Potions
 d - a potion of might
 i - a potion of cancellation {unknown}
 j - a potion of lignification {unknown}
 l - 2 potions of magic {unknown}
 m - a potion of berserk rage {unknown}
 o - 3 potions of degeneration {unknown}
 q - a potion of curing {unknown}
 r - a potion of heal wounds {unknown}


   Skills:
 * Level 5.0 Fighting
 * Level 6.1 Axes
 * Level 4.8 Armour
 * Level 4.8 Shields


You had 5 spell levels left.
You didn't know any spells.
Your spell library contained the following spells:

 Spells                   Type           Power      Damage    Failure   Level
 Summon Small Mammal      Summ           0%         N/A       82%         1
 Call Canine Familiar     Summ           0%         N/A       99%         3
 Summon Guardian Golem    Hex/Summ       0%         N/A       99%         3


Dungeon Overview and Level Annotations

Branches:
Dungeon (5/15)             Temple (1/1) D:4

Altars:
Ashenzari
Cheibriados
Elyvilon
Gozag
Hepliaklqana
Kikubaaqudgha
Makhleb
Nemelex Xobeh
Okawaru
Ru
Sif Muna
Trog
Uskayaw
Vehumet
Wu Jian
Yredelemnul
Zin
The Shining One

Shops:
D:3 [


Message History

The arrow hits the centaur.
The centaur shoots an arrow.
You reflect the arrow off an invisible shield around you!
The arrow hits the centaur!
You kill the centaur!
Your Axes skill increases to level 6!
A quokka comes into view.
The quokka moves out of view.
An adder comes into view.
The adder hisses angrily.
A jelly comes into view.
A quokka comes into view.
You barely miss the adder. The adder barely misses you.
You block the adder's attack.
You miss the adder. You block the adder's attack. x2
You slash the adder!
The adder is almost dead.
You slash the jelly!
Your hands burn!
The jelly hits you. The acid corrodes you!
You are splashed with acid!
The adder closely misses you. The jelly barely misses you.
You hit the adder.
You kill the adder!
You hit the jelly but do no damage.
Your hands burn!
You hit the quokka.
You kill the quokka!
The jelly barely misses you.
Your Fighting skill increases to level 5!
You closely miss the quokka. You hit the jelly.
Your hands burn!
The quokka barely misses you. The jelly hits you. The acid corrodes you!
You are splashed with acid!
You block the quokka's attack.
You hit the quokka but do no damage. You hit the jelly but do no damage.
Your hands burn!
* * * LOW HITPOINT WARNING * * *
The jelly hits you.
* * * LOW HITPOINT WARNING * * *
The acid corrodes you!
You are splashed with acid!
* * * LOW HITPOINT WARNING * * *
The quokka barely misses you. The jelly attacks as you move away!
The jelly hits you.
* * * LOW HITPOINT WARNING * * *
You are splashed with acid!
You die...

#..#### ##
#.....##
#.##......#
#........##
#..<.....##
#........##
#........##
##..###...###
#..# ###.@r##
#..# ###J.###
#.## ##.†.#
#.# #†.......
##.#
##.......
#..# ...)...
##..# .......
#...##
.......
###..#######.
.......


You could see a jelly and a quokka.

Vanquished Creatures
  A centaur (D:5)
  A scorpion (D:4)
  A hound (D:4)
  2 jellies (D:4)
  Terence (D:3)
  An orc wizard (D:4)
  6 adders
  A worm (D:4)
  4 dart slugs
  5 orcs
  6 endoplasms
  5 giant cockroaches
  5 goblins
  2 hobgoblins (D:4)
  5 kobolds
  2 quokkas
  7 ball pythons
  5 bats
  6 frilled lizards
  9 rats
75 creatures vanquished.

Notes
Turn   | Place    | Note
-------+----------+-------------------------------------------
     0 | D:1      | GenialerGandalf the Hill Orc Fighter began the quest for
                  | the Orb.
     0 | D:1      | Reached XP level 1. HP: 19/19 MP: 1/1
   352 | D:1      | Found a faded altar of an unknown god.
   372 | D:1      | Reached XP level 2. HP: 27/27 MP: 2/2
   568 | D:1      | Reached skill level 3 in Axes
   800 | D:1      | Reached XP level 3. HP: 33/33 MP: 3/3
  1175 | D:2      | Identified the +4 trident of Deflation {vorpal, Dex+3}
  1379 | D:2      | Identified the +4 ring mail of Inquiry {*Slow Dex+8}
  2124 | D:3      | Noticed Terence
  2135 | D:3      | Killed Terence
  2136 | D:3      | Reached skill level 4 in Axes
  2136 | D:3      | Reached XP level 4. HP: 37/41 MP: 4/4
  2229 | D:3      | Found a basalt altar of Yredelemnul.
  2332 | D:3      | Found Kicylayx's Antique Armour Shoppe.
  2820 | D:3      | Reached XP level 5. HP: 47/47 MP: 5/5
  3097 | D:4      | Found a staircase to the Ecumenical Temple.
  3132 | Temple   | Entered the Ecumenical Temple
  3526 | D:4      | Reached skill level 5 in Axes
  3632 | D:4      | Reached XP level 6. HP: 39/53 MP: 6/6
  4387 | D:5      | Entered Level 5 of the Dungeon
  4411 | D:5      | Found a glowing golden altar of the Shining One.
  4829 | D:5      | Reached skill level 6 in Axes
  4838 | D:5      | Reached skill level 5 in Fighting
  4842 | D:5      | Splashed by a jelly's acid

Illustrated notes

Levels and vault maps discovered:
D:1:      dpeg_arrival_round_a, layout_basic, ebering_ecumenical_altar_box
D:2:      layout_basic, minmay_tromino_v2
D:3:      layout_basic, mainiacjoe_overflow_cross_hatched, serial_shops,
          nicolae_shop_behind_doors, uniq_terence
D:4:      layout_basic, minmay_temple_entry_mini_moons
D:5:      layout_layer_cave, tso_metal_star
Temple:   nicolae_temple_bog_church

Skill      XL: |  1  2  3  4  5  6 |
---------------+-------------------+-----
Fighting       | 4 5 |  5.0
Axes           | 3 4 5 6 |  6.1
Shields        | 4 |  4.8
Armour         | 4 |  4.8

Action                   |  1- 3 |  4- 6 || total
-------------------------+-------+-------++-------
Melee: War axe           |   101 |    83 ||   184
  Use: Scroll            |     1 |       ||     1
Armor: Scale mail        |    43 |    53 ||    96
Dodge: Dodged            |    46 |    45 ||    91
Block: Buckler           |    69 |    59 ||   128
       Reflection        |       |     4 ||     4

Table legend: (Time is in decaauts)
 A = Elapsed time spent in this place.
 B = Non-inter-level travel time spent in this place.
 C = Inter-level travel time spent in this place.
 D = Time resting spent in this place.
 E = Time spent auto-exploring this place.
 F = Levels seen in this place.
 G = Mean time per level.
                   A        B        C        D        E       F      G
               +--------+--------+--------+--------+--------+-----+--------+
         Total |   4920 |   4737 |    183 |     32 |   1841 |   6 |  820.0 |
       Dungeon |   4669 |   4486 |    183 |     32 |   1720 |   5 |  933.8 |
        Temple |    251 |    251 |      0 |      0 |    121 |   1 |  251.0 |
               +--------+--------+--------+--------+--------+-----+--------+

Top non-repeatable levels by time:
     D:4: 1163 daAuts
     D:2: 1120 daAuts
     D:1: 1038 daAuts
     D:3: 890 daAuts
     D:5: 456 daAuts
  Temple: 251 daAuts
